cohdb
Replays
Latest Replays
All Replays
Popular Replays
Top Player Replays
Match Explorer
How It Works
Community
CoH3 Stats
Reddit
Sign in to upload your games and track your stats! →
Sign in with Steam
Match 47429560
Unlisted
Match 47429560
Overview
Messages
Build Orders
End
Panzergrenadier Squad
Panzergrenadier Squad
Panzergrenadier Squad
Construct Light Support Kompanie
Fire Support Elements
2.5-tonne Medical Truck
Pak 38 Mechanized Group
Combat Half-tracks
Construct Panzerarmee Kommand
Vehicle Survival Package
Walking Stuka Rocket Launcher
Panzer III L Medium Tank
Selects Italian Infantry
Selects Guastatori Squad
Selects Registered Artillery
Selects Towed Cannone da 105/28 Field Howitzer
Forward Retreat Point
Emergency Repair Kits
Towed Cannone da 105/28 Field Howitzer
Selects Defensive Operations
Selects Prepared Positions
剩者为王
Alex
Kakamora
冲锋大哥
bigmac
Luzinit24
Peaky Blinders
chopstickguy
0
0
Comments
sign in to comment!
No comments posted yet!